 Dungeon Crawl Stone Soup version 0.23.2-11-gf996548c65 (webtiles) character file.

Game seed: 13013916624906889509

375 MalarOregon the Digger (level 6, -5/45 HPs)
             Began as a Ghoul Earth Elementalist on June 4, 2019.
             Slain by a bullfrog (7 damage)
             ... in a sewer.
             The game lasted 00:16:19 (5398 turns).

MalarOregon the Digger (Ghoul Earth Elementalist)   Turns: 5398, Time: 00:16:20

Health: -5/45      AC:  6    Str:  9 (12) XL:     6   Next: 73%
Magic:  9/9        EV: 13    Int: 12      God:
Gold:   150        SH:  0    Dex:  9      Spells: 5/11 levels left

rFire    . . .     SeeInvis .   o - +0 rapier
rCold    + . .     Gourm    .   (no shield)
rNeg     + + +     Faith    .   c - +0 robe
rPois    ∞         Spirit   .   (no helmet)
rElec    .         Reflect  .   (no cloak)
rCorr    .         Harm     .   g - +2 pair of gloves
MR       .....                  f - +0 pair of boots (curse)
Stlth    ++........             j - amulet of the acrobat
HPRegen  0.00/turn              (no ring)
MPRegen  0.11/turn              (no ring)

@: flying, rotting
A: rotting body, claws 1, carnivore, cold resistance 1, negative energy
resistance 3, inhibited regeneration, torment resistance, unbreathing
a: no special abilities


You were in a sewer.
You were not hungry.

You visited 1 branch of the dungeon, and saw 4 of its levels.
You also visited: Sewer.

You collected 150 gold pieces.

Inventory:

Hand Weapons
 o - a +0 rapier (weapon)
   (You found it in a sewer)
Missiles
 i - 2 curare-tipped needles {!f}
Armour
 c - a +0 robe (worn)
 f - a cursed +0 pair of boots (worn)
   (You found it in a sewer)
 g - a +2 pair of gloves (worn)
   (You found it on level 3 of the Dungeon)
Jewellery
 a - an uncursed amulet of magic regeneration
   (You found it on level 1 of the Dungeon)
 j - an amulet of the acrobat (around neck)
   (You found it on level 4 of the Dungeon)
 m - an uncursed amulet of the gourmand
   (You found it on level 2 of the Dungeon)
Scrolls
 h - a scroll of remove curse {@r2}
 k - a scroll of amnesia
Potions
 n - a potion of brilliance
Comestibles
 e - 5 rations {!d}


   Skills:
 + Level 3.4 Dodging
 + Level 4.4 Stealth
 + Level 3.2 Spellcasting
   Level 0.8 Transmutations
 + Level 4.9 Earth Magic


You had 5 spell levels left.
You knew the following spells:

 Your Spells              Type           Power        Failure   Level  Hunger
a - Sandblast             Erth           ##....       3%          1    #......
b - Lee's Rapid Deconstr  Erth           ##........   65%         5    ######.

Your spell library contained the following spells:

 Spells                   Type           Power        Failure   Level  Hunger
 Passwall                 Tmut/Erth      #.......     11%         2    ###....
 Stone Arrow              Conj/Erth      #.....       26%         3    ###....
 Petrify                  Tmut/Erth      #.......     58%         4    #####..


Dungeon Overview and Level Annotations

Branches:
Dungeon (4/15)
 Temple: D:4-7

Altars:
Nemelex Xobeh


Innate Abilities, Weirdness & Mutations

Your body is rotting away.
You thrive on raw meat.
You are immune to poison.
You have sharp fingernails.
You are carnivorous and can eat meat at any time.
Your flesh is cold resistant. (rC+)
You are immune to negative energy. (rN+++)
You do not regenerate when monsters are visible.
You are immune to unholy pain and torment.
You can survive without breathing.


Message History

You eat one of the 2 chunks of flesh.
This raw flesh tastes great!
The bullfrog barely misses you.
Eat a chunk of flesh? (ye/n/q)
You eat the chunk of flesh.
This raw flesh tastes great!
The bullfrog closely misses you. The bullfrog hits you.
* * * LOW HITPOINT WARNING * * *
Okay, then.
Okay, then.
Aim: a bullfrog (moderately wounded)
You don't have any stones to cast with.
Aim: a bullfrog (moderately wounded)
You don't have any stones to cast with.
Here: a bullfrog (moderately wounded)
The floor, spattered with blood.
Okay, then.
You aren't carrying any items that you can evoke.
Unknown command.
Put on which piece of jewellery? (? for menu, Esc to quit)
You remove your amulet of magic regeneration.
Your injuries prevent the amulet from attuning itself.
j - an amulet of the acrobat (around neck)
The bullfrog closely misses you. The bullfrog hits you.
* * * LOW HITPOINT WARNING * * *
The bullfrog hits you.
* * * LOW HITPOINT WARNING * * *
Put on which piece of jewellery? (? for menu, Esc to quit)
Okay, then.
The bullfrog hits you but does no damage.
The bullfrog barely misses you.
Put on which piece of jewellery? (? for menu, Esc to quit)
You remove your amulet of the acrobat.
The bullfrog hits you but does no damage.
After a brief, strange feeling in your gut, your appetite remains unchanged.
m - an amulet of the gourmand (around neck) Put on which piece of jewellery? (? for menu, Esc to quit)
You remove your amulet of the gourmand.
The bullfrog misses you.
Your injuries prevent the amulet from attuning itself.
j - an amulet of the acrobat (around neck)
The bullfrog closely misses you.
Okay, then.
You aren't carrying any items that you can evoke.
Sorry, you're not good enough to have a special ability.
Okay, then.
The bullfrog hits you.
* * * LOW HITPOINT WARNING * * *
The bullfrog hits you.
* * * LOW HITPOINT WARNING * * *
The bullfrog hits you!
You die...

##≈≈#≈≈.##≈≈≈##≈.≈#≈≈##.##
#≈≈≈#≈≈##≈≈≈≈≈##≈≈#.≈≈#≈.#
#≈≈##≈≈#≈≈≈≈≈≈≈#≈≈###≈#≈≈#
#≈≈#≈≈##≈≈≈≈.≈≈##≈..#≈#≈.#
#.≈#.≈#≈≈≈≈.≈≈≈≈#≈.∩#≈#≈.#
#÷÷#≈≈#≈≈≈.≈≈≈≈≈#..≈#≈#≈≈#
#≈≈#≈≈#≈≈.$.≈≈≈≈#≈≈##÷#≈≈#
#≈≈#≈≈#≈....≈≈≈.#≈≈#.≈#≈≈#
#≈≈#≈≈#≈≈.$@F≈≈≈#..#.≈#≈≈#
#≈≈#≈.##≈..[≈.≈##÷.#≈≈≈≈≈#
#≈≈##≈≈#≈.≈.≈≈.≈≈≈.#≈≈≈≈≈#
#≈≈≈#≈.##≈≈≈≈≈≈≈.###≈≈≈.≈#
##.≈#.≈≈##≈≈.≈≈###≈#######
#.≈##≈≈≈#######≈≈≈≈≈#
#≈.≈#.≈≈≈≈≈≈.≈≈≈≈≈≈≈#
##.≈##≈≈≈≈≈≈≈≈≈##≈≈##
#≈≈.##≈≈≈.≈≈≈##≈≈##


You could see a bullfrog.

Vanquished Creatures
  A bullfrog (Sewer)
  8 adders
  A river rat (D:4)
  9 oozes
  4 worms
  3 dart slugs
  19 leopard geckos
  8 orcs
  12 ball pythons
  14 giant cockroaches
  6 goblins
  6 hobgoblins
  14 jackals
  A quokka (D:2)
  9 bats
  15 frilled lizards
  9 kobolds
  A quokka skeleton (D:4)
  7 rats
147 creatures vanquished.

Notes
Turn   | Place    | Note
-------+----------+-------------------------------------------
     0 | D:1      | MalarOregon the Ghoul Earth Elementalist began the quest
                  | for the Orb.
     0 | D:1      | Reached XP level 1. HP: 14/14 MP: 2/2
   319 | D:1      | Reached XP level 2. HP: 20/20 MP: 4/4
   778 | D:1      | Found a sparkling altar of Nemelex Xobeh.
   827 | D:2      | Reached XP level 3. HP: 20/26 MP: 1/5
  1171 | D:2      | Reached XP level 4. HP: 33/33 MP: 4/6
  2037 | D:3      | Reached XP level 5. HP: 5/38 MP: 7/7
  2283 | D:3      | Learned a level 5 spell: Lee's Rapid Deconstruction
  3765 | D:4      | Found a glowing drain.
  3769 | Sewer    | Entered a sewer
  3937 | Sewer    | Reached XP level 6. HP: 37/45 MP: 9/9
  5397 | Sewer    | HP: 2/45 [bullfrog (5)]
  5398 | Sewer    | Slain by a bullfrog

Skill      XL: |  1  2  3  4  5  6 |
---------------+-------------------+-----
Dodging        | 2 3 |  3.4
Spellcasting   | 2 3 |  3.2
Stealth        | 3 4 |  4.4
Earth Magic    | 4 |  4.9
Transmutations | |  0.8

Action                   |  1- 3 |  4- 6 || total
-------------------------+-------+-------++-------
Melee: Unarmed           |    41 |   810 ||   851
       Rapier            |       |     8 ||     8
 Cast: Sandblast         |    43 |    86 ||   129
  Use: Scroll            |     3 |     3 ||     6
       Potion            |     1 |     5 ||     6
 Stab: Sleeping          |     1 |     5 ||     6
  Eat: Chunk             |     3 |    41 ||    44
Armor: Robe              |     8 |   357 ||   365
Dodge: Dodged            |    40 |   724 ||   764
